 Dungeon Crawl Stone Soup version 0.27.0-1-g7a089689b8 (webtiles) character file.

Game seed: 15483674185171170246

4 EnegeticOcto the Covered (level 1, 20/20 HPs)
             Began as a Minotaur Fighter on Aug 5, 2021.
             Was a Follower of Kikubaaqudgha.
             Quit the game on level 1 of the Dungeon.
             The game lasted 00:00:07 (269 turns).

EnegeticOcto the Covered (Minotaur Fighter)          Turns: 269, Time: 00:00:08

Health: 20/20      AC:  7    Str: 20    XL:     1   Next: 58%
Magic:  0/0        EV:  7    Int:  5    God:    Kikubaaqudgha [*.....]
Gold:   0          SH:  9    Dex:  9    Spells: 0/0 levels left

rFire    . . .     SeeInvis .   a - +0 war axe
rCold    . . .     Faith    .   c - +0 kite shield
rNeg     . . .     Spirit   .   b - +0 scale mail
rPois    .         Reflect  .   (helmet restricted)
rElec    .         Harm     .   (no cloak)
rCorr    .         Rampage  .   (no gloves)
Will     .....                  (no boots)
Stlth    ..........             (no amulet)
HPRegen  0.06/turn              (no ring)
MPRegen  0.07/turn              (no ring)

@: no status effects
A: horns 2, retaliatory headbutt
a: Renounce Religion, Receive Corpses


You were on level 1 of the Dungeon.
You worshipped Kikubaaqudgha.
Kikubaaqudgha was aware of your devotion.
You visited 1 branch of the dungeon, and saw 1 of its levels.

Inventory:

Hand Weapons
 a - a +0 war axe (weapon)
Armour
 b - a +0 scale mail (worn)
 c - a +0 kite shield (worn)
Potions
 d - a potion of might {@q3}


   Skills:
 + Level 3.7 Fighting
 * Level 2.6 Axes
 + Level 3.7 Armour
 + Level 3.7 Shields


You couldn't memorise any spells.
You didn't know any spells.
Your spell library contained the following spells:

 Spells                   Type           Power      Damage    Failure   Level
 Animate Skeleton         Necr           0%         N/A       100%        1
 Pain                     Necr           0%         1d4       100%        1
 Sublimation of Blood     Necr           0%         N/A       100%        2
 Vampiric Draining        Necr           0%         2d6       100%        3


Dungeon Overview and Level Annotations

Branches:
Dungeon (1/15)

Altars:
Kikubaaqudgha


Innate Abilities, Weirdness & Mutations

You have a pair of horns on your head.
You reflexively headbutt those who attack you in melee.


Message History

Welcome, EnegeticOcto the Minotaur Fighter.
The bosom of this dungeon contains the fabled artefact, the Orb of Zot.
Press ? for a list of commands and other information.
Found a robe.
Found a staircase leading out of the dungeon.
Found 22 bolts.
Found 4 poisoned darts.
Found a faded altar of an unknown god.
Found 24 bolts.
A quokka comes into view.
A quokka is nearby!
A ball python comes into view.
The ball python hisses angrily.
A goblin comes into view. It is wielding a +0 dagger.
Your shield prevents you from hitting the quokka.
The quokka bites you but does no damage. x2
You hit the quokka. Your headbutt misses the quokka.
The quokka is almost dead.
You block the quokka's attack. The quokka bites you.
You barely miss the quokka. Your headbutt misses the quokka.
The quokka is almost dead.
The quokka bites you. You block the quokka's attack.
You hit the quokka.
You kill the quokka!
You completely miss the ball python. The ball python bites you.
You block the ball python's attack. The goblin hits you but does no damage.
The ball python bites you but does no damage.
The ball python grabs you. The ball python constricts you.
You closely miss the ball python. You slash the goblin!
You kill the goblin!
You block the ball python's attack. The ball python constricts you.
You closely miss the ball python.
The ball python bites you but does no damage.
The ball python constricts you. You block the ball python's attack.
The ball python constricts you.
You slash the ball python!
You kill the ball python!
No target in view!
No target in view!
No target in view!
No target in view!
HP restored.
Things that are here:
a +0 dagger; a goblin corpse A hobgoblin comes into view.
The hobgoblin shouts!
A hobgoblin is nearby!
You closely miss the hobgoblin. The hobgoblin hits you. x2
You hit the hobgoblin.
You kill the hobgoblin!
No target in view!
No target in view!
No target in view!
No target in view!
No target in view!
No target in view!
No target in view!
No target in view!
No target in view!
No target in view!
Things that are here:
a +0 dagger; a goblin skeleton You see here a ball python skeleton.
There is a faded altar of an unknown god here.
You cannot tell which god this altar belongs to.
Convert to them anyway?
Kikubaaqudgha accepts your prayer! Kikubaaqudgha welcomes you!
You can now receive cadavers from Kikubaaqudgha.
Kikubaaqudgha grants you a gift!
You add the spells Pain, Sublimation of Blood, Animate Skeleton and Vampiric Draining to your library.
Are you sure you want to abandon this character and quit the game? (Confirm with "yes".)

#.........## #...........
#.........# #####.........#
#.. #8.8#.........# #.#
###...#.........# #.#
#8.8.8..........# #.#
#...@.÷)........# #.#
#8(8...8##.###### #.#
###....###.# #.# #8.8.#
#.########..
############.###(..........
...........................
..[........................
..................(.......
#P.....P#≈#P...########.


There were no monsters in sight!

Vanquished Creatures
  A goblin (D:1)
  A hobgoblin (D:1)
  A quokka (D:1)
  A ball python (D:1)
4 creatures vanquished.

Notes
Turn   | Place    | Note
-------+----------+-------------------------------------------
     0 | D:1      | EnegeticOcto the Minotaur Fighter began the quest for the
                  | Orb.
     0 | D:1      | Reached XP level 1. HP: 19/19 MP: 0/0
     4 | D:1      | Found a faded altar of an unknown god.
   268 | D:1      | Became a worshipper of Kikubaaqudgha
   268 | D:1      | Reached * piety under Kikubaaqudgha
   268 | D:1      | Received a gift from Kikubaaqudgha
   269 | D:1      | Quit the game

Illustrated notes

Levels and vault maps discovered:
D:1:      eino_arrival_water_cross, layout_basic, ebering_ecumenical_altar_ruins

Action                   || total
-------------------------++-------
Melee: War axe           ||     9
Armor: Scale mail        ||     5
Block: Kite shield       ||     5
